Construct Section Command Post
Selects Australian Defense Battlegroup
Selects Australian Light Infantry Section
Australian Light Infantry Section
Australian Light Infantry Section
Selects 2-pounder Anti-tank Gun Team
2-pounder Anti-tank Gun Team
Construct Platoon Command Post
Australian Light Infantry Section
Construct Company Command Post
Selects CMP 15cwt Supply Run
Selects Vehicle Over Repair
Selects Artillery Trip Wire Flares
Unlock Towed 17-pounder Anti-tank Guns
17-pounder Anti-tank Gun Team